 Dungeon Crawl Stone Soup version 0.26.1-15-g04117e645d (webtiles) character file.

Game seed: 14628813728166322102

38 suipiss the Chiller (level 3, -4/24 HPs)
             Began as a Mummy Ice Elementalist on Dec 29, 2022.
             Slain by Crazy Yiuf
             ... wielding a +2 quarterstaff of chaos
              (8 damage)
             ... on level 2 of the Dungeon.
             The game lasted 00:02:50 (1332 turns).

suipiss the Chiller (Mummy Ice Elementalist)        Turns: 1332, Time: 00:02:50

Health: -4/24      AC:  2    Str: 11    XL:     3   Next: 25%
Magic:  2/7        EV: 12    Int: 15    God:
Gold:   29         SH:  0    Dex: 12    Spells: 1/8 levels left

rFire    x . .     SeeInvis .   d - +0 whip (elec)
rCold    + . .     Faith    .   (no shield)
rNeg     + + +     Spirit   .   a - +0 robe
rPois    ∞         Reflect  .   (no helmet)
rElec    .         Harm     .   (no cloak)
rCorr    .         Rampage  .   (no gloves)
Will     .....                  (no boots)
Stlth    +++.......             (no amulet)
HPRegen  0.08/turn              h - ring of stealth
MPRegen  0.10/turn              (no ring)

@: frozen ramparts
A: no potions, fire vulnerability, cold resistance 1, negative energy resistance
3, torment resistance, unbreathing
a: no special abilities


You were on level 2 of the Dungeon.
You visited 1 branch of the dungeon, and saw 2 of its levels.

You collected 29 gold pieces.

Inventory:

Hand Weapons
 d - a +0 whip of electrocution (weapon)
Armour
 a - a +0 robe (worn)
Jewellery
 h - a ring of stealth (left hand)
Scrolls
 b - 2 scrolls of teleportation
 c - a scroll of noise
 f - a scroll of enchant armour
 g - a scroll of fog {unknown}


   Skills:
 + Level 1.8 Dodging
 - Level 1.5 Stealth
 * Level 3.3 Spellcasting
 * Level 1.1 Conjurations
 * Level 3.5 Ice Magic


You had one spell level left.
You knew the following spells:

 Your Spells              Type           Power        Failure   Level
a - Freeze                Ice            52%          4%          1
b - Frozen Ramparts       Ice            26%          13%         3
c - Ozocubu's Armour      Ice            13%          13%         3

Your spell library contained the following spells:

 Spells                   Type           Power        Failure   Level
 Hailstorm                Conj/Ice       9%           58%         4
 Summon Ice Beast         Ice/Summ       7%           67%         4


Dungeon Overview and Level Annotations

Branches:
Dungeon (2/15)

Altars:

Annotations:
D:2 Crazy Yiuf


Innate Abilities, Weirdness & Mutations

You do not drink.
Your flesh is vulnerable to fire.
You are immune to poison.
Your flesh is cold resistant. (rC+)
You are immune to negative energy. (rN+++)
You are immune to unholy pain and torment.
You can survive without breathing.


Message History

Aiming: Freeze (safe; 4% risk of failure)
Press: ? - help, Shift-Dir - straight line, f - Crazy Yiuf
Aim: Crazy Yiuf, wielding a +2 quarterstaff of chaos and wearing a +2 cloak (moderately wounded)
You freeze Crazy Yiuf.
Crazy Yiuf is severely wounded.
The wall freezes Crazy Yiuf.
Crazy Yiuf hits you with a +2 quarterstaff of chaos!
* * * LOW HITPOINT WARNING * * *
Crazy Yiuf freezes you.
* * * LOW HITPOINT WARNING * * *
Casting: Freeze (safe; 4% risk of failure)
Confirm with . or Enter, or press ? or * to list all spells.
Aiming: Freeze (safe; 4% risk of failure)
Press: ? - help, Shift-Dir - straight line, f/p - Crazy Yiuf
Aim: Crazy Yiuf, wielding a +2 quarterstaff of chaos and wearing a +2 cloak (almost dead)
You freeze Crazy Yiuf.
Crazy Yiuf is almost dead.
The wall freezes Crazy Yiuf.
Crazy Yiuf hits you with a +2 quarterstaff of chaos!
You die...

### ######
#)))### ##....##
#.))g@####......#
#)))##))#)......#
### ###)#)#..#.#
########.# #..#
..# ### #.## ..#
#.# #.# #.# #.#
#.# #.# #.#
#.####.######


You could see Crazy Yiuf.

Vanquished Creatures
  2 worms (D:2)
  4 dart slugs
  4 bats (D:1)
  A giant cockroach (D:1)
  6 goblins
  3 frilled lizards
  2 kobolds (D:1)
  6 rats (D:1)
28 creatures vanquished.

Notes
Turn   | Place    | Note
-------+----------+-------------------------------------------
     0 | D:1      | suipiss the Mummy Ice Elementalist began the quest for the
                  | Orb.
     0 | D:1      | Reached XP level 1. HP: 13/13 MP: 4/4
   367 | D:1      | Reached XP level 2. HP: 14/19 MP: 0/5
   930 | D:2      | Reached XP level 3. HP: 16/24 MP: 7/7
   937 | D:2      | Learned a level 3 spell: Frozen Ramparts
   941 | D:2      | Learned a level 3 spell: Ozocubu's Armour
  1058 | D:2      | Reached skill level 1 in Conjurations
  1278 | D:2      | Found a runed translucent door.
  1279 | D:2      | Noticed Crazy Yiuf
  1332 | D:2      | Slain by Crazy Yiuf

Illustrated notes

Levels and vault maps discovered:
D:1:      wander_arrival_chamber, layout_rooms, serial_curves, eino_curves_04,
          eino_curves_02, minmay_fountain_box
D:2:      layout_loops_ring, chequers_temple_overflow_minitemple,
          minmay_misc_feat_x, uniq_crazy_yiuf_cottage

Skill      XL: |  1  2  3 |
---------------+----------+-----
Spellcasting   | 3 |  3.3
Conjurations   | 1 |  1.1
Dodging        | |  1.8
Stealth        | |  1.5
Ice Magic      | |  3.5

Action                   || total
-------------------------++-------
Melee: Club              ||     3
       Whip              ||    51
 Cast: Freeze            ||    17
       Frozen Ramparts   ||     2
  Use: Scroll            ||     3
 Stab: Sleeping          ||     2
Armor: Robe              ||    13
Dodge: Dodged            ||    41
